Workbook

Sheet Riepilogo
A1: Riepilogo del budget luna di miele
A2: Indicatori calcolati dal registro Spese e dalle ipotesi modificabili nel foglio Parametri.
A4: Indicatore | B4: Valore | E4: Categoria | F4: Importo previsto
A5: Budget disponibile | B5: =IFERROR(IF(Parametri!$B$5="","",Parametri!$B$5),"") | E5: Trasporti | F5: =IF(COUNTIFS(Spese!$A$5:$A$104,E5,Spese!$I$5:$I$104,"<>Annullato")=0,"",SUMIFS(Spese!$F$5:$F$104,Spese!$A$5:$A$104,E5,Spese!$I$5:$I$104,"<>Annullato"))
A6: Totale previsto attivo | B6: =IF(COUNT(Spese!$F$5:$F$104)=0,"",SUMIF(Spese!$I$5:$I$104,"<>Annullato",Spese!$F$5:$F$104)) | E6: Alloggio | F6: =IF(COUNTIFS(Spese!$A$5:$A$104,E6,Spese!$I$5:$I$104,"<>Annullato")=0,"",SUMIFS(Spese!$F$5:$F$104,Spese!$A$5:$A$104,E6,Spese!$I$5:$I$104,"<>Annullato"))
A7: Totale già pagato | B7: =IF(COUNT(Spese!$J$5:$J$104)=0,"",SUMIF(Spese!$I$5:$I$104,"<>Annullato",Spese!$J$5:$J$104)) | E7: Ristorazione | F7: =IF(COUNTIFS(Spese!$A$5:$A$104,E7,Spese!$I$5:$I$104,"<>Annullato")=0,"",SUMIFS(Spese!$F$5:$F$104,Spese!$A$5:$A$104,E7,Spese!$I$5:$I$104,"<>Annullato"))
A8: Residuo da pagare | B8: =IF(B6="","",SUM(Spese!$L$5:$L$104)) | E8: Attività | F8: =IF(COUNTIFS(Spese!$A$5:$A$104,E8,Spese!$I$5:$I$104,"<>Annullato")=0,"",SUMIFS(Spese!$F$5:$F$104,Spese!$A$5:$A$104,E8,Spese!$I$5:$I$104,"<>Annullato"))
A9: Margine rispetto al budget | B9: =IF(OR(B5="",B6=""),"",IFERROR(B5-B6,"")) | E9: Assicurazione | F9: =IF(COUNTIFS(Spese!$A$5:$A$104,E9,Spese!$I$5:$I$104,"<>Annullato")=0,"",SUMIFS(Spese!$F$5:$F$104,Spese!$A$5:$A$104,E9,Spese!$I$5:$I$104,"<>Annullato"))
A10: Quota budget impegnata | B10: =IF(OR(B5="",B6=""),"",IFERROR(B6/B5,"")) | E10: Documenti | F10: =IF(COUNTIFS(Spese!$A$5:$A$104,E10,Spese!$I$5:$I$104,"<>Annullato")=0,"",SUMIFS(Spese!$F$5:$F$104,Spese!$A$5:$A$104,E10,Spese!$I$5:$I$104,"<>Annullato"))
A11: Voci attive | B11: =COUNTIFS(Spese!$B$5:$B$104,"<>",Spese!$I$5:$I$104,"<>Annullato") | E11: Telefonia | F11: =IF(COUNTIFS(Spese!$A$5:$A$104,E11,Spese!$I$5:$I$104,"<>Annullato")=0,"",SUMIFS(Spese!$F$5:$F$104,Spese!$A$5:$A$104,E11,Spese!$I$5:$I$104,"<>Annullato"))
A12: Voci pagate | B12: =COUNTIFS(Spese!$B$5:$B$104,"<>",Spese!$I$5:$I$104,"Pagato") | E12: Benessere | F12: =IF(COUNTIFS(Spese!$A$5:$A$104,E12,Spese!$I$5:$I$104,"<>Annullato")=0,"",SUMIFS(Spese!$F$5:$F$104,Spese!$A$5:$A$104,E12,Spese!$I$5:$I$104,"<>Annullato"))
A13: Quota prevista già pagata | B13: =IF(OR(B6="",B7=""),"",IFERROR(B7/B6,"")) | E13: Souvenir | F13: =IF(COUNTIFS(Spese!$A$5:$A$104,E13,Spese!$I$5:$I$104,"<>Annullato")=0,"",SUMIFS(Spese!$F$5:$F$104,Spese!$A$5:$A$104,E13,Spese!$I$5:$I$104,"<>Annullato"))
E14: Altro | F14: =IF(COUNTIFS(Spese!$A$5:$A$104,E14,Spese!$I$5:$I$104,"<>Annullato")=0,"",SUMIFS(Spese!$F$5:$F$104,Spese!$A$5:$A$104,E14,Spese!$I$5:$I$104,"<>Annullato"))

Sheet Spese
A1: Registro del budget luna di miele
A2: Le prime dieci righe sono esempi fittizi; importi, date, disponibilità e condizioni richiedono controllo umano.
A4: Categoria | B4: Attività o voce | C4: Data attività | D4: Quantità | E4: Costo unitario previsto | F4: Importo previsto | G4: Fornitore | H4: Responsabile | I4: Stato | J4: Importo pagato | K4: Scadenza pagamento | L4: Residuo
A5: Trasporti | B5: Voli A/R — esempio fittizio | C5: 46548 | D5: 2 | E5: 480 | F5: =IF(OR(A5="",B5="",D5="",E5=""),"",IFERROR(D5*E5,"")) | G5: Compagnia Fittizia Nuvola Blu | H5: Entrambi (fittizi) | I5: Acconto versato | J5: 400 | K5: 46321 | L5: =IF(F5="","",IF(I5="Annullato",0,IFERROR(MAX(F5-IF(J5="",0,J5),0),"")))
A6: Alloggio | B6: Soggiorno di dieci notti — esempio fittizio | C6: 46548 | D6: 10 | E6: 165 | F6: =IF(OR(A6="",B6="",D6="",E6=""),"",IFERROR(D6*E6,"")) | G6: Hotel Fittizio Giardino di Carta | H6: Persona fittizia A | I6: Prenotato | J6: 500 | K6: 46351 | L6: =IF(F6="","",IF(I6="Annullato",0,IFERROR(MAX(F6-IF(J6="",0,J6),0),"")))
A7: Ristorazione | B7: Quattro cene programmate — esempio fittizio | C7: 46549 | D7: 4 | E7: 90 | F7: =IF(OR(A7="",B7="",D7="",E7=""),"",IFERROR(D7*E7,"")) | G7: Ristorante Fittizio Tavola di Luna | H7: Entrambi (fittizi) | I7: Preventivo | K7: 46396 | L7: =IF(F7="","",IF(I7="Annullato",0,IFERROR(MAX(F7-IF(J7="",0,J7),0),"")))
A8: Attività | B8: Escursione guidata — esempio fittizio | C8: 46551 | D8: 2 | E8: 95 | F8: =IF(OR(A8="",B8="",D8="",E8=""),"",IFERROR(D8*E8,"")) | G8: Escursioni Fittizie Orizzonte | H8: Persona fittizia B | I8: Acconto versato | J8: 50 | K8: 46426 | L8: =IF(F8="","",IF(I8="Annullato",0,IFERROR(MAX(F8-IF(J8="",0,J8),0),"")))
A9: Assicurazione | B9: Copertura di viaggio dimostrativa — esempio fittizio | C9: 46548 | D9: 2 | E9: 65 | F9: =IF(OR(A9="",B9="",D9="",E9=""),"",IFERROR(D9*E9,"")) | G9: Servizio Assicurativo Fittizio Viaggio Sereno | H9: Persona fittizia A | I9: Pagato | J9: 130 | K9: 46296 | L9: =IF(F9="","",IF(I9="Annullato",0,IFERROR(MAX(F9-IF(J9="",0,J9),0),"")))
A10: Documenti | B10: Portadocumenti e copie di viaggio — esempio fittizio | C10: 46548 | D10: 2 | E10: 18 | F10: =IF(OR(A10="",B10="",D10="",E10=""),"",IFERROR(D10*E10,"")) | G10: Laboratorio Fittizio Foto Carta | H10: Persona fittizia A | I10: Pagato | J10: 36 | K10: 46286 | L10: =IF(F10="","",IF(I10="Annullato",0,IFERROR(MAX(F10-IF(J10="",0,J10),0),"")))
A11: Telefonia | B11: Pacchetto dati dimostrativo — esempio fittizio | C11: 46548 | D11: 2 | E11: 25 | F11: =IF(OR(A11="",B11="",D11="",E11=""),"",IFERROR(D11*E11,"")) | G11: Servizio Fittizio Connessione Isola | H11: Persona fittizia B | I11: Da valutare | K11: 46376 | L11: =IF(F11="","",IF(I11="Annullato",0,IFERROR(MAX(F11-IF(J11="",0,J11),0),"")))
A12: Benessere | B12: Ingresso area relax — esempio fittizio | C12: 46553 | D12: 2 | E12: 55 | F12: =IF(OR(A12="",B12="",D12="",E12=""),"",IFERROR(D12*E12,"")) | G12: Centro Benessere Fittizio Loto di Carta | H12: Entrambi (fittizi) | I12: Preventivo | K12: 46416 | L12: =IF(F12="","",IF(I12="Annullato",0,IFERROR(MAX(F12-IF(J12="",0,J12),0),"")))
A13: Souvenir | B13: Fondo per ricordi di viaggio — esempio fittizio | C13: 46556 | D13: 1 | E13: 250 | F13: =IF(OR(A13="",B13="",D13="",E13=""),"",IFERROR(D13*E13,"")) | G13: Bottega Fittizia Ricordi di Vetro | H13: Entrambi (fittizi) | I13: Da valutare | K13: 46456 | L13: =IF(F13="","",IF(I13="Annullato",0,IFERROR(MAX(F13-IF(J13="",0,J13),0),"")))
A14: Altro | B14: Riserva per imprevisti di viaggio — esempio fittizio | C14: 46557 | D14: 1 | E14: 300 | F14: =IF(OR(A14="",B14="",D14="",E14=""),"",IFERROR(D14*E14,"")) | G14: Fornitore Fittizio da Definire | H14: Entrambi (fittizi) | I14: Da valutare | K14: 46476 | L14: =IF(F14="","",IF(I14="Annullato",0,IFERROR(MAX(F14-IF(J14="",0,J14),0),"")))
F15: =IF(OR(A15="",B15="",D15="",E15=""),"",IFERROR(D15*E15,"")) | L15: =IF(F15="","",IF(I15="Annullato",0,IFERROR(MAX(F15-IF(J15="",0,J15),0),"")))
F16: =IF(OR(A16="",B16="",D16="",E16=""),"",IFERROR(D16*E16,"")) | L16: =IF(F16="","",IF(I16="Annullato",0,IFERROR(MAX(F16-IF(J16="",0,J16),0),"")))
F17: =IF(OR(A17="",B17="",D17="",E17=""),"",IFERROR(D17*E17,"")) | L17: =IF(F17="","",IF(I17="Annullato",0,IFERROR(MAX(F17-IF(J17="",0,J17),0),"")))
F18: =IF(OR(A18="",B18="",D18="",E18=""),"",IFERROR(D18*E18,"")) | L18: =IF(F18="","",IF(I18="Annullato",0,IFERROR(MAX(F18-IF(J18="",0,J18),0),"")))
F19: =IF(OR(A19="",B19="",D19="",E19=""),"",IFERROR(D19*E19,"")) | L19: =IF(F19="","",IF(I19="Annullato",0,IFERROR(MAX(F19-IF(J19="",0,J19),0),"")))
F20: =IF(OR(A20="",B20="",D20="",E20=""),"",IFERROR(D20*E20,"")) | L20: =IF(F20="","",IF(I20="Annullato",0,IFERROR(MAX(F20-IF(J20="",0,J20),0),"")))
F21: =IF(OR(A21="",B21="",D21="",E21=""),"",IFERROR(D21*E21,"")) | L21: =IF(F21="","",IF(I21="Annullato",0,IFERROR(MAX(F21-IF(J21="",0,J21),0),"")))
F22: =IF(OR(A22="",B22="",D22="",E22=""),"",IFERROR(D22*E22,"")) | L22: =IF(F22="","",IF(I22="Annullato",0,IFERROR(MAX(F22-IF(J22="",0,J22),0),"")))
F23: =IF(OR(A23="",B23="",D23="",E23=""),"",IFERROR(D23*E23,"")) | L23: =IF(F23="","",IF(I23="Annullato",0,IFERROR(MAX(F23-IF(J23="",0,J23),0),"")))
F24: =IF(OR(A24="",B24="",D24="",E24=""),"",IFERROR(D24*E24,"")) | L24: =IF(F24="","",IF(I24="Annullato",0,IFERROR(MAX(F24-IF(J24="",0,J24),0),"")))
F25: =IF(OR(A25="",B25="",D25="",E25=""),"",IFERROR(D25*E25,"")) | L25: =IF(F25="","",IF(I25="Annullato",0,IFERROR(MAX(F25-IF(J25="",0,J25),0),"")))
F26: =IF(OR(A26="",B26="",D26="",E26=""),"",IFERROR(D26*E26,"")) | L26: =IF(F26="","",IF(I26="Annullato",0,IFERROR(MAX(F26-IF(J26="",0,J26),0),"")))
... F104: =IF(OR(A104="",B104="",D104="",E104=""),"",IFERROR(D104*E104,"")) | L104: =IF(F104="","",IF(I104="Annullato",0,IFERROR(MAX(F104-IF(J104="",0,J104),0),"")))

Sheet Parametri
A1: Parametri modificabili del budget luna di miele
A2: Tutti gli esempi sono fittizi. Le celle color crema contengono ipotesi modificabili da verificare manualmente.
A4: Impostazione | B4: Valore | D4: Categorie | F4: Responsabili | H4: Stati
A5: Budget disponibile | B5: 5000 | D5: Trasporti | F5: Persona fittizia A | H5: Da valutare
A6: Data di partenza | B6: 46548 | D6: Alloggio | F6: Persona fittizia B | H6: Preventivo
A7: Data di rientro | B7: 46558 | D7: Ristorazione | F7: Entrambi (fittizi) | H7: Prenotato
A8: Quantità massima per voce | B8: 1000 | D8: Attività | H8: Acconto versato
A9: Costo unitario massimo | B9: 50000 | D9: Assicurazione | H9: Pagato
A10: Pagamento massimo per voce | B10: 100000 | D10: Documenti | H10: Annullato
A11: Data minima registrabile | B11: 46276 | D11: Telefonia
A12: Data massima registrabile | B12: 50040 | D12: Benessere
D13: Souvenir
D14: Altro
